 Dungeon Crawl Stone Soup version 0.24.0-10-g970556be89 (webtiles) character file.

Game seed: 10171755322765560417, levelgen mode: deterministic

179 Acheron the Cutter (level 5, -5/32 HPs)
             Began as a Kobold Skald on Nov 3, 2019.
             Slain by an orc
             ... wielding a +0 war axe
              (6 damage)
             ... on level 3 of the Dungeon.
             The game lasted 00:16:51 (3416 turns).

Acheron the Cutter (Kobold Skald)                   Turns: 3416, Time: 00:16:52

Health: -5/32      AC: 10    Str: 10    XL:     5   Next: 90%
Magic:  9/9        EV: 11    Int: 14    God:
Gold:   132        SH:  0    Dex: 14    Spells: 8/9 levels left

rFire    . . .     SeeInvis .   p - +3 hand axe
rCold    . . .     Gourm    .   (shield restricted)
rNeg     . . .     Faith    .   q - +0 scale mail
rPois    .         Spirit   .   u - +0 helmet
rElec    .         Reflect  .   r - +1 cloak
rCorr    .         Harm     .   (no gloves)
MR       .....                  f - +0 pair of boots
Stlth    +.........             (no amulet)
HPRegen  0.10/turn              (no ring)
MPRegen  0.11/turn              (no ring)

@: slowed, very slow
A: small, carnivore
a: no special abilities


You were on level 3 of the Dungeon.
You were very full.

You visited 1 branch of the dungeon, and saw 4 of its levels.

You collected 132 gold pieces.

Inventory:

Hand Weapons
 a - a +0 short sword
 n - a +1 mace of holy wrath
 p - a +3 hand axe (weapon)
 v - a +0 dagger of speed
 w - a +0 hunting sling
Missiles
 g - 70 stones
 h - 16 sling bullets
 o - 16 poisoned darts (quivered)
Armour
 f - a +0 pair of boots (worn)
 q - a +0 scale mail (worn)
 r - a +1 cloak (worn)
 u - a +0 helmet (worn)
Jewellery
 m - an uncursed ring of flight
Wands
 x - a wand of acid (6)
 y - a wand of flame (13)
Scrolls
 e - a scroll of fear
 j - a scroll of identify
 k - a scroll of remove curse
Potions
 b - 5 potions of curing
 c - a potion of heal wounds
 i - a potion of berserk rage
 l - a potion of flight
Comestibles
 d - 5 rations


   Skills:
 * Level 2.8 Fighting
 * Level 3.7 Short Blades
 * Level 1.5 Axes
 * Level 0.6 Throwing
 * Level 1.6 Armour
 * Level 3.0 Dodging
 * Level 2.0 Stealth
 * Level 2.7 Spellcasting
 + Level 2.6 Charms
 * Level 1.0 Evocations


You had 8 spell levels left.
You knew the following spells:

 Your Spells              Type           Power        Failure   Level  Hunger
a - Infusion              Chrm           #...         45%         1    #......

Your spell library contained the following spells:

 Spells                   Type           Power        Failure   Level  Hunger
 Song of Slaying          Chrm           #.......     58%         2    ###....
 Shroud of Golubria       Chrm/Tloc      #.....       78%         2    ###....
 Regeneration             Chrm/Necr      #.........   95%         3    ###....
 Spectral Weapon          Hex/Chrm       #.......     95%         3    ###....


Dungeon Overview and Level Annotations

Branches:
Dungeon (4/15)
 Temple: D:4-7

Altars:
Ashenzari
Gozag
Nemelex Xobeh

Annotations:
D:3 2 runed translucent doors, AlterAsc's ghost, amateur DrTm


Innate Abilities, Weirdness & Mutations

You are small and have problems with some larger weapons.
You are carnivorous and can eat meat at any time.


Message History

You slash Natasha!
You kill Natasha!
Natasha screams in pain as she dies!
Your Dodging skill increases to level 3!
Your Stealth skill increases to level 2!
You hit the orc but do no damage. The orc misses you.
You hit the orc.
The orc is lightly wounded.
The orc hits you with a +0 war axe!
* * * LOW HITPOINT WARNING * * *
A quokka comes into view.
The orc barely misses you.
You barely miss the orc.
The orc is lightly wounded.
The orc misses you.
Unknown command.
You barely miss the orc.
The orc is lightly wounded.
The orc hits you with a +0 war axe.
You die...

....# #.#
.##.# #o#
.##.# #.#
.##.# #.#
###.### #.#
......# #.#
###.#.# #.#
#.#.#
#########.#
#.#.#
#..r...@o.#
#.#.#
#.#########
###.#.#***,*
)...#..,,,,*
#######***,*
*,* *,* ##
*,* .# *,*


You could see an orc and a quokka.

Vanquished Creatures
  Natasha (D:3)
  Terence (D:3)
  A worker ant (D:2)
  Robin (D:2)
  An adder (D:2)
  An ooze (D:2)
  2 worms (D:2)
  A dart slug (D:1)
  A leopard gecko (D:2)
  8 orcs
  3 giant cockroaches
  10 goblins
  11 hobgoblins
  2 ball pythons (D:1)
  3 bats
  3 frilled lizards
  9 kobolds
  6 rats
65 creatures vanquished.

Notes
Turn   | Place    | Note
-------+----------+-------------------------------------------
     0 | D:1      | Acheron the Kobold Skald began the quest for the Orb.
     0 | D:1      | Reached XP level 1. HP: 12/12 MP: 3/3
   262 | D:1      | Reached XP level 2. HP: 17/17 MP: 5/5
   315 | D:2      | Found a shattered altar of Ashenzari.
   315 | D:2      | Found an opulent altar of Gozag.
   349 | D:2      | Found a sparkling altar of Nemelex Xobeh.
   459 | D:3      | Reached skill level 1 in Stealth
   463 | D:3      | Reached skill level 1 in Armour
   721 | D:2      | Noticed Robin
   724 | D:3      | Reached XP level 3. HP: 22/22 MP: 6/6
  1037 | D:3      | Noticed Terence
  1737 | D:1      | Reached XP level 4. HP: 27/27 MP: 7/7
  2384 | D:2      | Killed Robin
  2917 | D:2      | Reached skill level 1 in Axes
  2917 | D:2      | Reached XP level 5. HP: 24/31 MP: 8/8
  3068 | D:3      | Killed Terence
  3180 | D:4      | Reached skill level 1 in Evocations
  3272 | D:3      | Found a large runed translucent door.
  3272 | D:3      | Found a large runed translucent door.
  3275 | D:3      | Noticed AlterAsc's ghost (amateur DrTm)
  3405 | D:3      | Noticed Natasha
  3413 | D:3      | Killed Natasha
  3414 | D:3      | HP: 1/32 [orc/+0 war axe (7)]
  3416 | D:3      | Slain by an orc

Levels and vault maps discovered:
D:1:      wander_arrival_fairy_ring, layout_loops_ring,
          minmay_misc_feat_more_columns, minmay_door_square
D:2:      layout_rooms, grunt_temple_overflow_open, uniq_robin
D:3:      layout_loops_ring, ebering_ghost_disaster_area, uniq_terence,
          uniq_ijyb, uniq_natasha
D:4:      layout_loops_cross, nicolae_ru_awakened_eye, serial_shops,
          nicolae_shop_trees

Skill      XL: |  1  2  3  4  5 |
---------------+----------------+-----
Short Blades   | 3 |  3.7
Stealth        | 1 2 |  2.0
Armour         | 1 |  1.6
Axes           | 1 |  1.5
Evocations     | 1 |  1.0
Dodging        | 3 |  3.0
Fighting       | |  2.8
Throwing       | |  0.6
Spellcasting   | |  2.7
Charms         | |  2.6

Action                   |  1- 3 |  4- 6 || total
-------------------------+-------+-------++-------
Melee: Short sword       |    74 |       ||    74
       Hand axe          |    36 |   100 ||   136
Throw: Dart              |       |     3 ||     3
  Use: Scroll            |       |    10 ||    10
 Stab: Sleeping          |     3 |       ||     3
  Eat: Chunk             |    11 |     5 ||    16
Armor: Leather armour    |    16 |       ||    16
       Scale mail        |       |    45 ||    45
Dodge: Dodged            |    79 |    56 ||   135
